NWL (28 & UNDER)
RED DEER WRANGLERS @ RIVERSIDE RED BULLS
08/18/2027
 
TOP OF THE 1ST
Red Deer Wranglers batting - Pitching for Riverside Red Bulls : RHP Carlos Martínez
Pitching: RHP Carlos Martínez
Batting: RHB Art Cameron 0-0: Called Strike
0-1: Ground out U3 (Groundball, 3S)
Batting: LHB Jorge Olvera 0-0: Called Strike
0-1: Foul Ball, location: 2F
0-2: Foul Ball, location: 2F
0-2: Ball
1-2: Ball
2-2: Fly out, F7 (Flyball, 7S)
Batting: RHB Ben Fisher 0-0: Foul Ball, location: 2F
0-1: Ball
1-1: Ball
2-1: Foul Ball, location: 2F
2-2: Ball
3-2: Base on Balls
Batting: LHB Fred Abrams 0-0: Foul Ball, location: 2F
0-1: Foul Ball, location: 2F
0-2: Strikes out looking
Top of the 1st over - 0 run(s), 0 hit(s), 0 error(s), 1 left on base; Red Deer 0 - Riverside 0
BOTTOM OF THE 1ST
Riverside Red Bulls batting - Pitching for Red Deer Wranglers : RHP William Bryan
Pitching: RHP William Bryan
Batting: RHB Kevin Brown 0-0: Ball
1-0: Foul Ball, location: 2F
1-1: Ball
2-1: Foul Ball, location: 2F
2-2: Foul Ball, location: 2F
2-2: Ground out 1-3 (Groundball, 13)
Batting: RHB Zack Flint 0-0: Called Strike
0-1: Fly out, F8 (Flyball, 8RXD)
Batting: RHB Luis Flores 0-0: Ball
1-0: Fly out, F4 (Popup, 4)
Bottom of the 1st over - 0 run(s), 0 hit(s), 0 error(s), 0 left on base; Red Deer 0 - Riverside 0
TOP OF THE 2ND
Red Deer Wranglers batting - Pitching for Riverside Red Bulls : RHP Carlos Martínez
Batting: LHB Russell Peck 0-0: Ball
1-0: Called Strike
1-1: Ball
2-1: Foul Ball, location: 2F
2-2: Foul Ball, location: 2F
2-2: Foul Ball, location: 2F
2-2: Strikes out swinging
Batting: LHB Andrew Veeck 0-0: Ball
1-0: Ball
2-0: Ball
3-0: Base on Balls
Batting: RHB Steve Burton 0-0: Ball
1-0: Ball
2-0: Called Strike
2-1: Called Strike
2-2: Fielders Choice at 2nd, 1-6 (Groundball, 13)
Batting: RHB Ricardo González 0-0: Called Strike
0-1: Ball
Steve Burton steals 2nd base
1-1: Foul Ball, location: 2F
1-2: Strikes out looking
Top of the 2nd over - 0 run(s), 0 hit(s), 0 error(s), 1 left on base; Red Deer 0 - Riverside 0
BOTTOM OF THE 2ND
Riverside Red Bulls batting - Pitching for Red Deer Wranglers : RHP William Bryan
Batting: RHB José Vázquez 0-0: Ball
1-0: Ball
2-0: Called Strike
2-1: Fly out, F8 (Flyball, 8LM)
Batting: LHB José Arce 0-0: Ball
1-0: Fly out, F9 (Flyball, 9D)
Batting: RHB Isaac Pope 0-0: Fly out, F2 (Popup, 25)
Bottom of the 2nd over - 0 run(s), 0 hit(s), 0 error(s), 0 left on base; Red Deer 0 - Riverside 0
TOP OF THE 3RD
Red Deer Wranglers batting - Pitching for Riverside Red Bulls : RHP Carlos Martínez
Batting: RHB Luis Peña 0-0: Called Strike
0-1: Ball
1-1: Ball
2-1: Called Strike
2-2: Foul Ball, location: 2F
2-2: Ball
3-2: Strikes out swinging
Batting: RHB Art Cameron 0-0: Foul Ball, location: 2F
0-1: Ball
1-1: Ball
2-1: DOUBLE (Flyball, 89D)
Batting: LHB Jorge Olvera 0-0: Ball
1-0: Called Strike
1-1: Swinging Strike
1-2: Ball
2-2: Ball
3-2: Base on Balls
Batting: RHB Ben Fisher 0-0: Fly out, F6 (Line Drive, 6MD)
Batting: LHB Fred Abrams 0-0: Ball
1-0: Ball
2-0: Foul Ball, location: 2F
2-1: Foul Ball, location: 2F
2-2: Strikes out swinging
Top of the 3rd over - 0 run(s), 1 hit(s), 0 error(s), 2 left on base; Red Deer 0 - Riverside 0
BOTTOM OF THE 3RD
Riverside Red Bulls batting - Pitching for Red Deer Wranglers : RHP William Bryan
Batting: SHB José López 0-0: Ball
1-0: Ball
2-0: Ball
3-0: Called Strike
3-1: SINGLE (Groundball, 23) (infield hit)
Batting: LHB Carlos Castillo 0-0: Swinging Strike
0-1: Ball
1-1: Called Strike
1-2: Strikes out swinging
Batting: RHB Emery Graham 0-0: Ball
1-0: Foul Ball, location: 2F
1-1: Ball
2-1: Foul Ball, location: 2F
2-2: Ball
3-2: Strikes out swinging
Batting: RHB Kevin Brown 0-0: Called Strike
0-1: Foul Ball, location: 2F
0-2: Ball
1-2: Foul Ball, location: 2F
1-2: Ball
2-2: Strikes out swinging
Bottom of the 3rd over - 0 run(s), 1 hit(s), 0 error(s), 1 left on base; Red Deer 0 - Riverside 0
TOP OF THE 4TH
Red Deer Wranglers batting - Pitching for Riverside Red Bulls : RHP Carlos Martínez
Batting: LHB Russell Peck 0-0: Ball
1-0: Ball
2-0: SINGLE (Groundball, 34D)
Batting: LHB Andrew Veeck 0-0: Called Strike
0-1: Ball
1-1: Ball
2-1: Ball
3-1: Called Strike
3-2: Foul Ball, location: 2F
3-2: Fly out, F7 (Flyball, 78M)
Batting: RHB Steve Burton 0-0: Called Strike
0-1: Ball
1-1: Swinging Strike
1-2: Ball
2-2: Foul Ball, location: 2F
2-2: Strikes out looking
Batting: RHB Ricardo González 0-0: Called Strike
0-1: Ball
1-1: Swinging Strike
1-2: Fielders Choice at 2nd, 6-4 (Groundball, 6)
Top of the 4th over - 0 run(s), 1 hit(s), 0 error(s), 0 left on base; Red Deer 0 - Riverside 0
BOTTOM OF THE 4TH
Riverside Red Bulls batting - Pitching for Red Deer Wranglers : RHP William Bryan
Batting: RHB Zack Flint 0-0: Foul Ball, location: 2F
0-1: Called Strike
0-2: Fly out, F9 (Flyball, 9LS)
Batting: RHB Luis Flores 0-0: Ball
1-0: Ball
2-0: Called Strike
2-1: Ball
3-1: Base on Balls
Batting: RHB José Vázquez 0-0: Ball
1-0: Fly out, F8 (Flyball, 8RM)
Batting: LHB José Arce 0-0: Called Strike
0-1: Ground out 4-3 (Groundball, 4MS)
Bottom of the 4th over - 0 run(s), 0 hit(s), 0 error(s), 1 left on base; Red Deer 0 - Riverside 0
TOP OF THE 5TH
Red Deer Wranglers batting - Pitching for Riverside Red Bulls : RHP Carlos Martínez
Batting: RHB Luis Peña 0-0: Called Strike
0-1: Swinging Strike
0-2: Strikes out swinging
Batting: RHB Art Cameron 0-0: Swinging Strike
0-1: Swinging Strike
0-2: Ball
1-2: Strikes out swinging
Batting: LHB Jorge Olvera 0-0: Called Strike
0-1: Ball
1-1: Swinging Strike
1-2: Foul Ball, location: 2F
1-2: Strikes out swinging
Top of the 5th over - 0 run(s), 0 hit(s), 0 error(s), 0 left on base; Red Deer 0 - Riverside 0
BOTTOM OF THE 5TH
Riverside Red Bulls batting - Pitching for Red Deer Wranglers : RHP William Bryan
Batting: RHB Isaac Pope 0-0: Ball
1-0: SINGLE (Line Drive, 4M)
Batting: SHB José López 0-0: Called Strike
0-1: Ground out 6-3 (Groundball, 6MD)
Isaac Pope to second
Batting: LHB Carlos Castillo 0-0: Called Strike
0-1: Called Strike
0-2: Strikes out swinging
Batting: RHB Emery Graham 0-0: Called Strike
0-1: Called Strike
0-2: Ball
1-2: Foul Ball, location: 2F
1-2: Ball
2-2: Strikes out swinging
Bottom of the 5th over - 0 run(s), 1 hit(s), 0 error(s), 1 left on base; Red Deer 0 - Riverside 0
TOP OF THE 6TH
Red Deer Wranglers batting - Pitching for Riverside Red Bulls : RHP Carlos Martínez
Batting: RHB Ben Fisher 0-0: Ball
1-0: Single, Error in OF, E8, batter to second base
Batting: LHB Fred Abrams 0-0: Intentional Walk
Pitching: RHP Ricardo López
Batting: LHB Russell Peck 0-0: Called Strike
0-1: SINGLE (Line Drive, 56)
Ben Fisher to third
Fred Abrams to second
Runner from 3rd tries for Home, SAFE, throw made home
Fred Abrams to third
Russell Peck to second
Batting: LHB Andrew Veeck 0-0: Ball
1-0: Ball
2-0: Foul Ball, location: 2F
2-1: Ball
3-1: Ground out 6-3 (Groundball, 56)
Batting: RHB Steve Burton 0-0: Intentional Walk
Batting: RHB Ricardo González 0-0: Grounds into fielders choice 6-2 (Groundball, 56)
Russell Peck to third
Steve Burton to second
Batting: RHB Luis Peña 0-0: Fly out, F7 (Flyball, 78S)
Top of the 6th over - 1 run(s), 2 hit(s), 1 error(s), 3 left on base; Red Deer 1 - Riverside 0
BOTTOM OF THE 6TH
Riverside Red Bulls batting - Pitching for Red Deer Wranglers : RHP William Bryan
Batting: RHB Kevin Brown 0-0: Ball
1-0: DOUBLE (Flyball, 9LM)
Batting: RHB Zack Flint 0-0: Called Strike
0-1: Foul Ball, location: 2F
0-2: Ball
1-2: Strikes out swinging
Batting: RHB Luis Flores 0-0: Fly out, F8 (Flyball, 8RM)
Batting: RHB José Vázquez 0-0: Ball
1-0: Ball
2-0: Ball
3-0: Called Strike
3-1: Base on Balls
Batting: LHB José Arce 0-0: Foul Ball, location: 2F
0-1: Ball
1-1: Ball
2-1: Ground out U3 (Groundball, 34)
Bottom of the 6th over - 0 run(s), 1 hit(s), 0 error(s), 2 left on base; Red Deer 1 - Riverside 0
TOP OF THE 7TH
Red Deer Wranglers batting - Pitching for Riverside Red Bulls : RHP Ricardo López
Batting: RHB Art Cameron 0-0: Ball
1-0: Called Strike
1-1: Ball
2-1: Called Strike
2-2: Strikes out looking
Batting: LHB Jorge Olvera 0-0: Ball
1-0: Ball
2-0: Ball
3-0: Called Strike
3-1: Called Strike
3-2: Base on Balls
Batting: RHB Ben Fisher 0-0: Ball
1-0: Fly out, F8 (Flyball, 8LXD)
Batting: LHB Fred Abrams 0-0: Called Strike
0-1: Ball
1-1: Ball
2-1: Ball
3-1: Foul Ball, location: 2F
3-2: SINGLE (Groundball, 34D)
Jorge Olvera to second
Jorge Olvera to third
Batting: LHB Russell Peck 0-0: Called Strike
0-1: Foul Ball, location: 2F
0-2: Ball
1-2: Ball
2-2: Fielders Choice at 2nd, 6-4 (Groundball, 56)
Top of the 7th over - 0 run(s), 1 hit(s), 0 error(s), 1 left on base; Red Deer 1 - Riverside 0
BOTTOM OF THE 7TH
Riverside Red Bulls batting - Pitching for Red Deer Wranglers : RHP William Bryan
Batting: RHB Isaac Pope 0-0: Called Strike
0-1: Swinging Strike
0-2: Strikes out swinging
Batting: SHB José López 0-0: Ball
1-0: Ground out 5-3 (Groundball, 56)
Batting: LHB Carlos Castillo 0-0: Called Strike
0-1: Ball
1-1: Swinging Strike
1-2: Strikes out swinging
Bottom of the 7th over - 0 run(s), 0 hit(s), 0 error(s), 0 left on base; Red Deer 1 - Riverside 0
TOP OF THE 8TH
Red Deer Wranglers batting - Pitching for Riverside Red Bulls : RHP Ricardo López
Pitching: RHP Don Kirk
Batting: LHB Andrew Veeck 0-0: Foul Ball, location: 2F
0-1: Ball
1-1: SINGLE (Flyball, 89S)
Batting: RHB Steve Burton 0-0: Ball
1-0: Called Strike
1-1: Ball
2-1: Ball
3-1: Foul Ball, location: 2F
3-2: Base on Balls
Andrew Veeck to second
Batting: RHB Ricardo González 0-0: Ball
1-0: Called Strike
1-1: Reaches on Catchers interference
Andrew Veeck to third
Steve Burton to second
Batting: RHB Luis Peña 0-0: Ball
1-0: Called Strike
1-1: Fly out, F6 (Popup, 6MD)
Pinch Hitting: RHB Xavier López 0-0: Foul Ball, location: 2F
0-1: Ball
1-1: Ball
2-1: Ball
3-1: Base on Balls
Andrew Veeck scores
Steve Burton to third
Ricardo González to second
Batting: LHB Jorge Olvera 0-0: Ball
1-0: Ball
2-0: Foul Ball, location: 2F
2-1: Ball
3-1: Base on Balls
Steve Burton scores
Ricardo González to third
Xavier López to second
Pitching: RHP Roberto Moreno
Batting: RHB Ben Fisher 0-0: Called Strike
0-1: Called Strike
0-2: Ball
1-2: Grounds into fielders choice 1-2 (Groundball, P)
Xavier López to third
Jorge Olvera to second
Batting: LHB Fred Abrams 0-0: Called Strike
0-1: Called Strike
0-2: Ball
1-2: Ball
2-2: Fly out, F3 (Line Drive, 3L)
Top of the 8th over - 2 run(s), 1 hit(s), 1 error(s), 3 left on base; Red Deer 3 - Riverside 0
BOTTOM OF THE 8TH
Riverside Red Bulls batting - Pitching for Red Deer Wranglers : RHP William Bryan
Now in CF: Xavier López
Batting: RHB Emery Graham 0-0: Ball
1-0: SINGLE (Flyball, 89S)
Batting: RHB Kevin Brown 0-0: Ball
1-0: Ball
2-0: Swinging Strike
Passed Ball!
Emery Graham to second
2-1: Foul Ball, location: 2F
2-2: Ball
3-2: Strikes out swinging
Pitching: RHP Russell Cooper
Batting: RHB Zack Flint 0-0: Ball
1-0: Ground out U3 (Groundball, 34S)
Emery Graham to third
Batting: RHB Luis Flores 0-0: Called Strike
0-1: Fly out, F3 (Flyball, 34D)
Bottom of the 8th over - 0 run(s), 1 hit(s), 0 error(s), 1 left on base; Red Deer 3 - Riverside 0
TOP OF THE 9TH
Red Deer Wranglers batting - Pitching for Riverside Red Bulls : RHP Roberto Moreno
Batting: LHB Russell Peck 0-0: Called Strike
0-1: Foul Ball, location: 2F
0-2: Foul Ball, location: 2F
0-2: Strikes out swinging
Batting: LHB Andrew Veeck 0-0: Ball
1-0: SINGLE (Line Drive, 8LM)
Batting: RHB Steve Burton 0-0: Ball
1-0: Ball
2-0: Called Strike
2-1: Swinging Strike
2-2: Ball
3-2: Foul Ball, location: 2F
Balk!
Andrew Veeck to second
3-2: Intentional Walk
Batting: RHB Ricardo González 0-0: Ball
1-0: Grounds into double play, 1-6-3 (Groundball, 13S)
Top of the 9th over - 0 run(s), 1 hit(s), 0 error(s), 1 left on base; Red Deer 3 - Riverside 0
BOTTOM OF THE 9TH
Riverside Red Bulls batting - Pitching for Red Deer Wranglers : RHP Russell Cooper
Pitching: LHP Manuel Gil
Batting: RHB José Vázquez 0-0: Swinging Strike
0-1: Ball
1-1: Ground out 5-3 (Groundball, 56S)
Batting: LHB José Arce 0-0: Ball
1-0: Called Strike
1-1: Swinging Strike
1-2: Foul Ball, location: 2F
1-2: Ground out 4-3 (Groundball, 34)
Batting: RHB Isaac Pope 0-0: Called Strike
0-1: Swinging Strike
0-2: Strikes out swinging
Bottom of the 9th over - 0 run(s), 0 hit(s), 0 error(s), 0 left on base; Red Deer 3 - Riverside 0
Thursday, March 30th, 2017 - OOTP Baseball 17.12 Build 75